 Dungeon Crawl Stone Soup version 0.31-a0-986-g5e6e4ef867 (webtiles) character file.

Game seed: 7332112661087076225

21522 Firecrotchwizard the Martial Artist (level 12, -6/104 HPs)
             Began as a Demonspawn Shapeshifter on Nov 3, 2023.
             Was an Elder of Okawaru.
             Mangled by a fire elemental (8 damage)
             ... summoned by a deep elf pyromancer
             ... on level 1 of the Orcish Mines.
             The game lasted 00:39:27 (15041 turns).

Firecrotchwizard the Martial Artist (DsSh)         Turns: 15041, Time: 00:39:27

Health: -6/104     AC: 10    Str: 15    XL:     12   Next: 54%
Magic:  0/17       EV: 19    Int: 11    God:    Okawaru [****..]
Gold:   726        SH:  0    Dex: 18    Spells: 11/11 levels left

rFire   . .          .
                       - Unarmed
rCold   . . .        (no shield)
rNeg    . . .        J - +0 acid dragon scales
rPois   .            (helmet currently unavailable)
rElec   .            (cloak currently unavailable)
rCorr   +            (gloves currently unavailable)
SInv    .            (boots currently unavailable)
Will    .....        y - amulet of guardian spirit
Stlth   +++          (no ring)
HPRegen 0.37/turn    (no ring)
MPRegen 0.15/turn

%: guardian spirit
@: beast-form, heroic
A: beast (slay +3), rugged brown scales 3, foul stench 2, demonic touch 1
a: Begin Untransformation, Renounce Religion, Heroism, Finesse


You were on level 1 of the Orcish Mines.
You worshipped Okawaru.
Okawaru was greatly pleased with you.
You were a hulking beast.
You visited 4 branches of the dungeon, and saw 14 of its levels.

You collected 726 gold pieces.

Inventory:

Missiles
 m - 4 throwing nets {@!f}
 o - 7 silver javelins
 x - 31 poisoned darts
 G - 4 boomerangs (quivered)
 K - 6 javelins
 M - 2 curare-tipped darts
Armour
 a - a +0 animal skin
 q - a +1 ring mail
 v - a +3 leather armour of fire resistance
 C - +0 steam dragon scales
 H - a +0 troll leather armour
 J - +0 acid dragon scales (worn)
Jewellery
 y - an amulet of guardian spirit (around neck)
 D - a ring of protection from cold
 O - a ring of fire
Talismans
 c - a beast talisman
 d - a flux talisman
Wands
 e - a wand of roots (14)
 l - a wand of acid (12)
 E - a wand of flame (9)
 N - a wand of digging (2)
Scrolls
 g - 2 scrolls of blinking
 i - a scroll of revelation
 j - 2 scrolls of noise
 n - 2 scrolls of enchant armour
 t - 2 scrolls of teleportation
 w - a scroll of enchant weapon
 I - a scroll of fear
 L - a scroll of vulnerability
Potions
 b - 2 potions of lignification
 f - 5 potions of curing
 h - a potion of haste {unknown}
 k - a potion of enlightenment {unknown}
 p - 3 potions of mutation
 r - 2 potions of ambrosia
 s - a potion of berserk rage {unknown}
 u - 3 potions of brilliance
 z - a potion of might {unknown}
 A - a potion of magic {unknown}
 B - a potion of attraction {unknown}
 F - 3 potions of invisibility


   Skills:
 - Level 10.3(15.3) Fighting
 + Level 6.5(11.5) Throwing
 + Level 8.5(13.5) Dodging
 - Level 11.0(16.0) Unarmed Combat
 - Level 6.7 Invocations
 + Level 6.9 Shapeshifting


You had 11 spell levels left.
You didn't know any spells.
Your spell library contained the following spells:

 Spells                   Type           Power      Damage    Failure   Level
 Apportation              Tloc           0%         N/A       43%         1
 Kiss of Death            Conj/Necr      0%         2d5       43%         1
 Necrotise                Necr           0%         1d4       43%         1
 Blink                    Tloc           0%         N/A       58%         2
 Ensorcelled Hibernation  Hex/Ice        0%         N/A       58%         2
 Jinxbite                 Hex            0%         N/A       58%         2
 Lesser Beckoning         Tloc           0%         N/A       58%         2
 Momentum Strike          Conj/Tloc      0%         3d8       58%         2
 Static Discharge         Conj/Air       0%         3-3/arc   58%         2
 Sublimation of Blood     Necr           0%         N/A       58%         2
 Confusing Touch          Hex            0%         N/A       82%         3
 Vampiric Draining        Necr           0%         2d6       82%         3
 Airstrike                Air            0%         2d(0-16)  99%         4
 Anguish                  Hex/Necr       0%         N/A       99%         4
 Dispel Undead            Necr           0%         3d6       99%         4
 Manifold Assault         Tloc           0%         N/A       99%         4
 Passage of Golubria      Tloc           0%         N/A       99%         4
 Petrify                  Tmut/Erth      0%         N/A       99%         4
 Agony                    Necr           0%         N/A       100%        5
 Alistair's Intoxication  Tmut/Pois      0%         N/A       100%        5
 Borgnjor's Vile Clutch   Necr/Erth      0%         N/A       100%        5
 Irradiate                Conj/Tmut      0%         3d11      100%        5
 Yara's Violent Unravell  Hex/Tmut       0%         3d3       100%        5
 Dispersal                Tloc           0%         N/A       100%        6
 Eringya's Noxious Bog    Tmut/Pois      0%         4d6       100%        6
 Disjunction              Tloc           0%         N/A       100%        8
 Tukima's Dance           Hex            Unusable   N/A       N/A         3
 Animate Dead             Necr           Unusable   N/A       N/A         4
 Summon Lightning Spire   Summ/Air       Unusable   N/A       N/A         4
 Summon Forest            Summ/Tloc      Unusable   N/A       N/A         5
 Death Channel            Necr           Unusable   N/A       N/A         6
 Summon Hydra             Summ           Unusable   N/A       N/A         7

Dungeon Overview and Level Annotations

Branches:
Dungeon (11/15)            Temple (1/1) D:4            Lair (1/5) D:11
    Orc (1/2) D:11

Altars:
Ashenzari
Cheibriados
Dithmenos
Fedhas
Gozag
Hepliaklqana
Kikubaaqudgha
Makhleb
Nemelex Xobeh
Okawaru
Qazlal
Ru
Sif Muna
Trog
Uskayaw
Vehumet
Wu Jian
Xom
Yredelemnul

Shops:
D:3 :

Annotations:
D:7 1 runed translucent door
D:9 exclusion: door


Innate Abilities, Weirdness & Mutations

You are a hulking beast.
Your limbs bulge with bestial killing power. (Slay +3)
You are completely covered in rugged brown scales. (AC +3, +7% HP)
You sometimes emit foul miasma when damaged in melee.
Your touch may inflict minor irresistible damage on your foes.


Message History

The deep elf pyromancer gestures wildly while chanting.
The deep elf pyromancer blinks!
You pummel the deep elf pyromancer!!
Your touch misses the deep elf pyromancer.
The deep elf pyromancer is severely wounded.
You hit the deep elf pyromancer.
The deep elf pyromancer is severely wounded.
The deep elf pyromancer casts a spell at you.
The bolt of fire hits you!
You pummel the deep elf pyromancer!!
You kill the deep elf pyromancer!
Okawaru accepts your kill.
A deep elf pyromancer comes into view.
It is wielding a +2 short sword of speed.
The deep elf pyromancer misses you.
The deep elf pyromancer gestures at you while chanting.
The bolt of fire hits you!
You hit the deep elf pyromancer. You punch the deep elf pyromancer.
The deep elf pyromancer is lightly wounded.
The deep elf pyromancer gestures at you while chanting.
The sticky flame hits you.
You are covered in liquid flames!
You hit the deep elf pyromancer but do no damage.
The deep elf pyromancer is lightly wounded.
You are covered in liquid flames!
* * * LOW HITPOINT WARNING * * *
The deep elf pyromancer closely misses you.
Okay, then.
You are covered in liquid flames!
* * * LOW HITPOINT WARNING * * *
The deep elf pyromancer casts a spell.
The deep elf pyromancer blinks!
You feel better.
You are covered in liquid flames!
The deep elf pyromancer gestures at you while chanting.
The bolt of fire misses you.
The deep elf pyromancer casts a spell.
The deep elf pyromancer blinks!
The deep elf pyromancer gestures at you while chanting.
The bolt of fire hits you!!
* * * LOW MAGIC WARNING * * *
* * * LOW HITPOINT WARNING * * *
Okay, then.
Unknown command.
You feel better.
You feel better.
The deep elf pyromancer mumbles some strange words.
The deep elf pyromancer blinks!
You gain the combat prowess of a mighty hero.
* * * LOW MAGIC WARNING * * *
The deep elf pyromancer mumbles some strange words.
The deep elf pyromancer misses you.
You closely miss the deep elf pyromancer.
Your touch misses the deep elf pyromancer.
The deep elf pyromancer casts a spell.
The deep elf pyromancer blinks!
The deep elf pyromancer mumbles some strange words.
The fire elemental barely misses you.
The deep elf pyromancer casts a spell.
The deep elf pyromancer blinks!
The deep elf pyromancer hits you with a +0 rapier.
* * * LOW HITPOINT WARNING * * *
You emit a cloud of foul miasma!
The fire elemental hits you. The fire elemental burns you!
* * * LOW MAGIC WARNING * * *
* * * LOW HITPOINT WARNING * * *
The fire elemental barely misses you.
You punch the deep elf pyromancer!
The deep elf pyromancer is moderately wounded.
The fire elemental hits you. The fire elemental burns you!
* * * LOW HITPOINT WARNING * * *
The deep elf pyromancer is engulfed in dark miasma.
The deep elf pyromancer is poisoned.
The deep elf pyromancer seems to slow down.
The deep elf pyromancer closely misses you.
The fire elemental closely misses you.
You barely miss the deep elf pyromancer.
The deep elf pyromancer is moderately wounded.
The deep elf pyromancer is no longer moving slowly.
The fire elemental closely misses you. The fire elemental hits you.
The fire elemental burns you!
* * * LOW MAGIC WARNING * * *
* * * LOW HITPOINT WARNING * * *
The fire elemental hits you. The fire elemental burns you!
* * * LOW HITPOINT WARNING * * *
The deep elf pyromancer is engulfed in dark miasma.
The deep elf pyromancer looks even sicker.
The deep elf pyromancer seems to slow down.
The deep elf pyromancer misses you.
You closely miss the deep elf pyromancer.
The deep elf pyromancer is heavily wounded.
The fire elemental barely misses you. x2; The fire elemental hits you.
The fire elemental burns you!
* * * LOW MAGIC WARNING * * *
* * * LOW HITPOINT WARNING * * *
You closely miss the deep elf pyromancer.
You touch the deep elf pyromancer.
The deep elf pyromancer is heavily wounded.
The deep elf pyromancer is no longer moving slowly.
The fire elemental hits you. The fire elemental burns you!
You die...

... ..## ... .... ###
..... .# .... ##.##
...#. ###.......
...###..$... .#.......#
#...........
..........###......##...
..................#.....
.................E.°....
#.#.......)....Ehe°...#
)....#..........eE.#.^.#
)..)..............#.#.#.
))....................
............>.)[......#
.............#))....###
##.................##
#.....................
................##.##.


You could see 2 deep elf pyromancers and 3 fire elementals.

Vanquished Creatures
  Gastronok (D:8)
  Erolcha (D:9)
  A two-headed ogre (D:10)
  6 death yaks
  Urug (D:11)
  Pikel (D:8)
  2 deep elf pyromancers (Orc:1)
  An orc sorcerer (Orc:1)
  A manticore (D:11)
  A cyclops (D:10)
  2 cane toads (Lair:1)
  A gargoyle (D:10)
  2 unseen horrors (D:10)
  2 trolls
  A hornet (D:11)
  A blink frog (Lair:1)
  A wraith (D:10)
  4 water elementals (D:10)
  Eustachio (D:6)
  2 wyverns
  23 yaks
  2 steam dragons (D:7)
  A basilisk (Lair:1)
  Grum (D:8)
  2 acid dragons
  2 water moccasins
  5 orc warriors
  2 ice beasts (D:5)
  2 sky beasts
  2 ogres
  3 black bears
  3 wolves (D:7)
  A centaur (D:8)
  3 lemures (D:7)
  A phantom (D:7)
  5 kobold brigands
  3 scorpions
  7 bullfrogs
  15 wights
  5 howler monkeys (D:10)
  2 electric eels (D:10)
  7 hounds
  3 jellies
  2 gnoll boudas (D:7)
  An iron imp (D:9)
  12 orc priests
  A sleepcap (D:5)
  5 iguanas
  11 orc wizards
  20 gnolls
  11 adders
  2 shadow imps (D:5)
  2 white imps
  2 ufetubi (D:5)
  2 worms
  3 dart slugs
  46 orcs
  6 endoplasms
  9 giant cockroaches (D:2)
  4 goblins
  9 hobgoblins
  3 jackals (D:1)
  7 quokkas
  4 ball pythons
  4 bats
  A frilled lizard (D:2)
  29 kobolds
  6 rats
  A spectral kobold (D:5)
336 creatures vanquished.

Vanquished Creatures (others)
  A kobold (D:8)
1 creature vanquished.

Grand Total: 337 creatures vanquished

Notes
Turn   | Place    | Note
-------+----------+-------------------------------------------
     0 | D:1      | Firecrotchwizard the Demonspawn Shapeshifter began the
                  | quest for the Orb.
     0 | D:1      | Reached XP level 1. HP: 15/15 MP: 1/1
   261 | D:1      | Gained mutation: You are partially covered in rugged brown
                  | scales. (AC +1, +3% HP) [demonic ancestry]
   261 | D:1      | Reached XP level 2. HP: 11/21 MP: 2/2
   602 | D:1      | Reached skill level 3 in Unarmed Combat
  1165 | D:2      | Reached XP level 3. HP: 24/27 MP: 3/3
  1504 | D:2      | Gained mutation: You are mostly covered in rugged brown
                  | scales. (AC +2, +5% HP) [demonic ancestry]
  1504 | D:2      | Reached XP level 4. HP: 13/34 MP: 4/4
  2005 | D:2      | Found a faded altar of an unknown god.
  2294 | D:3      | Reached skill level 4 in Unarmed Combat
  2533 | D:3      | Found Koma's Book Boutique.
  2619 | D:3      | Gained mutation: You may rarely emit foul miasma when
                  | damaged in melee. [demonic ancestry]
  2619 | D:3      | Reached XP level 5. HP: 10/42 MP: 5/5
  3195 | D:4      | Reached skill level 5 in Unarmed Combat
  3245 | D:4      | Reached XP level 6. HP: 44/49 MP: 6/6
  3934 | D:3      | Reached skill level 6 in Unarmed Combat
  3934 | D:3      | Gained mutation: Your touch may inflict minor irresistible
                  | damage on your foes. [demonic ancestry]
  3934 | D:3      | Reached XP level 7. HP: 35/56 MP: 7/7
  4105 | D:4      | Found a staircase to the Ecumenical Temple.
  4110 | Temple   | Entered the Ecumenical Temple
  4137 | Temple   | Became a worshipper of Warmaster Okawaru
  4598 | D:5      | Entered Level 5 of the Dungeon
  4857 | D:5      | Reached skill level 5 in Fighting
  4909 | D:5      | Reached * piety under Okawaru
  4910 | D:5      | Reached skill level 7 in Unarmed Combat
  5234 | D:5      | Gained mutation: You are completely covered in rugged brown
                  | scales. (AC +3, +7% HP) [demonic ancestry]
  5234 | D:5      | Reached XP level 8. HP: 58/66 MP: 8/8
  5296 | D:5      | Found a hazy altar of Hepliaklqana.
  5761 | D:6      | Reached skill level 8 in Unarmed Combat
  6123 | D:6      | Found a bloodstained altar of Trog.
  6132 | D:6      | Reached ** piety under Okawaru
  6235 | D:6      | Found a burning altar of Makhleb.
  6288 | D:6      | Noticed Eustachio
  6311 | D:6      | Killed Eustachio
  6312 | D:6      | Reached skill level 9 in Unarmed Combat
  6553 | D:7      | Reached XP level 9. HP: 66/75 MP: 9/9
  6720 | D:7      | Found a flagged portal.
  6806 | D:7      | Reached *** piety under Okawaru
  6863 | D:7      | Found a runed translucent door.
  6871 | D:7      | Found a basalt altar of Yredelemnul.
  6917 | D:7      | Reached skill level 10 in Unarmed Combat
  7858 | D:8      | Noticed Pikel
  7931 | D:7      | Reached **** piety under Okawaru
  7947 | D:8      | Killed Pikel
  7948 | D:8      | Gained mutation: You sometimes emit foul miasma when
                  | damaged in melee. [demonic ancestry]
  7948 | D:8      | Reached XP level 10. HP: 57/87 MP: 5/10
  7975 | D:8      | Noticed Grum
  7990 | D:7      | Reached skill level 11 in Unarmed Combat
  7999 | D:7      | Reached skill level 1 in Invocations
  8213 | D:8      | Killed Grum
  8513 | D:8      | Found a blossoming altar of Fedhas.
  8651 | D:8      | Found a hide-covered altar of Uskayaw.
  8707 | D:8      | Noticed Gastronok
  8722 | D:8      | Killed Gastronok
  8722 | D:8      | Reached ***** piety under Okawaru
  9129 | D:9      | Identified the "Racoepsi"
  9156 | D:9      | Reached skill level 10 in Fighting
  9156 | D:9      | Reached skill level 5 in Invocations
  9377 | D:9      | Found an opulent altar of Gozag.
  9528 | D:9      | Noticed Erolcha
  9555 | D:9      | Killed Erolcha
  9634 | D:9      | Identified the +0 ring mail "Muamoh" {Str+2 Int+3}
  9685 | D:9      | Found a snail-covered altar of Cheibriados.
  9693 | D:9      | Reached XP level 11. HP: 98/98 MP: 15/15
  9958 | D:9      | Reached skill level 5 in Dodging
 10134 | D:9      | Found a shimmering blue altar of Sif Muna.
 10169 | D:10     | Entered Level 10 of the Dungeon
 10421 | D:10     | Received a gift from Okawaru
 10627 | D:10     | Reached skill level 1 in Throwing
 10765 | D:10     | Noticed a two-headed ogre
 10774 | D:10     | Killed a two-headed ogre
 11717 | D:10     | Received a gift from Okawaru
 11985 | D:11     | Found a staircase to the Orcish Mines.
 12055 | D:11     | Noticed a death yak
 12144 | D:11     | Noticed a death yak
 12155 | D:10     | Killed a death yak
 12156 | D:10     | Reached skill level 5 in Shapeshifting
 12203 | D:10     | Killed a death yak
 12371 | D:11     | Noticed a death yak
 12372 | D:11     | Noticed a death yak
 12396 | D:11     | Noticed a death yak
 12396 | D:11     | Noticed a death yak
 12396 | D:11     | Noticed Urug
 12632 | D:11     | Killed Urug
 12779 | D:11     | Paralysed by a hornet for 1 turns
 12853 | D:11     | Found a staircase to the Lair.
 13269 | D:11     | Killed a death yak
 13270 | D:11     | Reached skill level 5 in Throwing
 13270 | D:11     | Reached XP level 12. HP: 62/104 MP: 9/17
 13633 | D:11     | Killed a death yak
 13640 | D:11     | Killed a death yak
 13652 | D:11     | Killed a death yak
 13655 | D:11     | Received a gift from Okawaru
 14027 | D:14     | Identified the of Acluddonau
 14027 | Lair:1   | Entered Level 1 of the Lair of Beasts
 14586 | Orc:1    | Entered Level 1 of the Orcish Mines
 14590 | Orc:1    | Paralysed by an orc sorcerer for 3 turns
 14937 | Orc:1    | Noticed a kraken
 15040 | Orc:1    | HP: 2/104 [fire elemental[a deep elf pyromancer] (7)]
 15041 | Orc:1    | Mangled by a fire elemental

Illustrated notes

Levels and vault maps discovered:
D:1:      scummos_arrival_star, layout_basic
D:2:      minmay_roachtagon, layout_loops_ring,
          shapermc_ecumenical_altar_hornbeckon, minmay_misc_feat_doors,
          minmay_misc_feat_cross, chequers_decorated_corner
D:3:      layout_loops_ring, serial_shops, nicolae_shop_hallway_stairs,
          item_on_display_a
D:4:      layout_rooms, minmay_temple_entry_gardened_gates, serial_forest,
          infiniplex_forest_end_2, infiniplex_forest_lined_2,
          infiniplex_forest_straight_4, infiniplex_forest_end_double,
          infiniplex_forest_end_double, infiniplex_forest_clump_cross,
          infiniplex_forest_clump_diagonal, infiniplex_forest_end_2,
          infiniplex_forest_clump_small
D:5:      layout_gridville, lemuel_tele_altar,
          nicolae_hepliaklqana_monster_ancestors
D:6:      layout_rooms, lightli_temple_of_fire, trog_ov_bears_minmay,
          uniq_eustachio
D:7:      layout_basic, dk_yredelemnul_ordeal, enter_bailey_2, grunt_ogre_cave,
          nicolae_elevator_lobby_plus
D:8:      layout_rooms, mainiacjoe_overflow_chevrons, old_standard_altar,
          billiards_dpeg, uniq_pikel, uniq_gastronok, uniq_grum
D:9:      layout_rooms, mainiacjoe_overflow_cross_hatched, slow_altar_1,
          led_sif_book, nrook_uturn, uniq_erolcha
D:10:     layout_roguey, serial_bayou_ford_a, nicolae_underground_beach
D:11:     layout_long_grid, dpeg_lair_monsters, david_orc_3, nrook_mini_vaults,
          uniq_urug
Temple:   hc_temple_tempest_star
Lair:1:   minmay_lair_oklob_chamber, layout_cave_pods,
          small_statue_intersection, beast_lair_carwin_6, grunt_megastairs_1
Orc:1:    layout_caves, mainiacjoe_minedec_watcher_in_the_water,
          elves_outpost_lemuel

Skill      XL: |  1  2  3  4  5  6  7  8  9 10 11 12 |
---------------+-------------------------------------+-----
Dodging        | 2 4 7 8 |  8.5
Unarmed Combat | 3 4 5 6 7 9 10 11 | 11.0
Fighting       | 2 3 4 5 6 8 10 | 10.3
Invocations    | 6 |  6.7
Shapeshifting  | 5 6 |  6.9
Throwing       | 5 6 |  6.5

Action                     |  1- 3 |  4- 6 |  7- 9 | 10-12 || total
---------------------------+-------+-------+-------+-------++-------
  Melee: Unarmed           |   116 |   244 |   310 |   472 ||  1142
         Punch             |     3 |     9 |    17 |    41 ||    70
         Touch             |       |       |    71 |   114 ||   185
  Throw: Dart              |       |       |     6 |       ||     6
         Boomerang         |       |       |       |    25 ||    25
 Invoke: Heroism           |       |       |       |    16 ||    16
  Evoke: Wand              |       |       |       |     4 ||     4
    Use: Scroll            |       |       |    11 |     7 ||    18
         Potion            |       |       |       |     3 ||     3
   Stab: Sleeping          |       |       |       |     1 ||     1
 Armour: Animal skin       |    69 |     7 |       |       ||    76
         Ring mail         |       |   129 |   141 |       ||   270
         Leather armour    |       |       |   116 |   125 ||   241
         Acid dragon scale |       |       |       |   167 ||   167
  Dodge: Dodged            |    75 |   141 |   206 |   263 ||   685

Table legend: (Time is in decaauts)
 A = Elapsed time spent in this place.
 B = Non-inter-level travel time spent in this place.
 C = Inter-level travel time spent in this place.
 D = Time resting spent in this place.
 E = Time spent auto-exploring this place.
 F = Levels seen in this place.
 G = Mean time per level.
                   A        B        C        D        E       F      G
               +--------+--------+--------+--------+--------+-----+--------+
         Total |  14893 |  14362 |    531 |   3272 |   8719 |  14 | 1063.8 |
       Dungeon |  13959 |  13515 |    444 |   2980 |   8356 |  11 | 1269.0 |
        Temple |     54 |      1 |     53 |      0 |      0 |   1 |   54.0 |
          Lair |    530 |    498 |     32 |    255 |    161 |   1 |  530.0 |
  Orcish Mines |    348 |    348 |      0 |     37 |    202 |   1 |  348.0 |
               +--------+--------+--------+--------+--------+-----+--------+

Top non-repeatable levels by time:
    D:10: 2080 daAuts
    D:11: 1865 daAuts
     D:7: 1644 daAuts
     D:4: 1245 daAuts
     D:3: 1237 daAuts
     D:5: 1111 daAuts
     D:1: 1106 daAuts
     D:9: 1025 daAuts
     D:8: 956 daAuts
     D:2: 930 daAuts
     D:6: 757 daAuts
  Lair:1: 530 daAuts
   Orc:1: 348 daAuts
  Temple: 54 daAuts
